 Dungeon Crawl Stone Soup version 0.17.1-2-g5865329 (webtiles) character file.

1864 Faustar the Thaumaturge (level 8, -1/41 HPs)
             Began as a Deep Elf Conjurer on Feb 9, 2016.
             Was an Initiate of Vehumet.
             Shot with a sling bullet of flame by Joseph (6 damage)
             ... on level 7 of the Dungeon.
             The game lasted 00:20:58 (6936 turns).

Faustar the Thaumaturge (Deep Elf Conjurer)         Turns: 6936, Time: 00:20:58

Health: -1/41      AC: 10    Str:  5    XL:     8   Next: 90%
Magic:  5/25       EV: 13    Int: 23    God:    Vehumet [......]
Gold:   195        SH:  0    Dex: 18    Spells: 4 memorised, 17 levels left

rFire  . . .     SeeInvis .     t - +2 mace (protect)
rCold  . . .     Clarity  .     a - +0 robe
rNeg   . . .     SustAt   .     (no shield)
rPois  +         Gourm    .     (no helmet)
rElec  .         Spirit   .     (no cloak)
rCorr  .         Warding  .     D - +2 pair of gloves {Dex+3}
rMut   .         Stasis   .     (no boots)
MR     .....                    f - amulet of faith
Stlth  ++........               p - ring of poison resistance
                                F - ring of flight

@: very slightly contaminated, not resistant to hostile enchantments, unstealthy
A: no striking features
a: Renounce Religion, Evoke Flight


You were on level 7 of the Dungeon.
You worshipped Vehumet.
Vehumet was noncommittal.
You were not hungry.

You visited 2 branches of the dungeon, and saw 8 of its levels.

You collected 343 gold pieces.
You spent 148 gold pieces at shops.

Inventory:

Hand Weapons
 t - a +2 mace of protection (weapon)
 H - the +1 mace of Prescription {antimagic, rPois rF+ MR- Int+4}
   (You found it on level 6 of the Dungeon)

   It disrupts the flow of magical energy around spellcasters and certain
   magical creatures (including the wielder).
   It affects your intelligence (+4).
   It protects you from fire.
   It protects you from poison.
   It affects your resistance to hostile enchantments.
Armour
 a - a +0 robe (worn)
 D - a +2 pair of gloves of dexterity (worn)
Jewellery
 f - an amulet of faith (around neck)
 i - an uncursed ring of ice
 p - a ring of poison resistance (right hand)
 B - an uncursed ring of loudness
 F - a ring of flight (left hand)
Wands
 G - a wand of cold (7)
 K - a wand of random effects (39)
Scrolls
 d - 7 scrolls of identify
 e - 3 scrolls of remove curse
 l - 2 scrolls of fog
 m - 3 scrolls of enchant weapon
 o - a scroll of magic mapping {unknown}
 q - 4 scrolls of teleportation {unknown}
 u - a scroll of amnesia {unknown}
 y - a scroll of fear {unknown}
Potions
 g - 4 potions of curing
 h - 5 potions of might
 j - 2 potions of brilliance {unknown}
 k - a potion of cure mutation {unknown}
 r - a potion of poison {unknown}
 s - 3 potions of magic {unknown}
 w - 2 potions of ambrosia {unknown}
 x - a potion of cancellation {unknown}
 z - a potion of heal wounds {unknown}
 A - a potion of berserk rage {unknown}
 C - a potion of agility {unknown}
 J - a potion of lignification {unknown}
Books
 b - a book of Conjurations

   Spells                             Type                      Level
   a - Magic Dart                     Conjuration                  1
   b - Searing Ray                    Conjuration                  2
   c - Dazzling Spray                 Conjuration/Hexes            3
   d - Fulminant Prism                Conjuration/Hexes            4
   e - Iskenderun's Mystic Blast      Conjuration                  4
   f - Iskenderun's Battlesphere      Conjuration/Charms           5
Comestibles
 c - 3 bread rations
 n - 2 beef jerkies
 v - 2 royal jellies
 E - 3 fruits
 L - a meat ration


   Skills:
 - Level 2.4 Dodging
 - Level 2.4 Stealth
 - Level 11.2 Spellcasting
 + Level 8.0 Conjurations
 - Level 3.2 Hexes
 - Level 5.7 Charms


You had 17 spell levels left.
You knew the following spells:

 Your Spells              Type           Power        Failure   Level  Hunger
a - Magic Dart            Conj           ####         1%          1    None
b - Searing Ray           Conj           #####.       1%          2    None
c - Iskenderun's Battles  Conj/Chrm      #####...     10%         5    ####...
d - Fulminant Prism       Conj/Hex       #####.....   8%          4    None


Dungeon Overview and Level Annotations

Branches:
Dungeon (7/15)             Temple (1/1) D:6

Altars:
Ashenzari
Dithmenos
Elyvilon
Fedhas
Gozag
Kikubaaqudgha
Makhleb
Nemelex Xobeh
Okawaru
Qazlal
Ru
Sif Muna
Trog
Vehumet
Xom
Yredelemnul
Zin
The Shining One

Shops:
D:6 [

Annotations:
D:7 Joseph


Message History

Confirm with . or Enter, or press ? or * to list all spells.
Aiming: Searing Ray
Press: ? - help, Shift-Dir - straight line, f - Joseph
Aim: Joseph, wielding a quarterstaff and wearing a runed leather armour (moderately wounded)
The searing ray hits Joseph.
Joseph is moderately wounded.
Your battlesphere fires!
The barrage of energy hits Joseph.
Joseph is heavily wounded.
The searing ray hits Joseph.
Joseph is heavily wounded.
Your battlesphere fires!
The barrage of energy hits Joseph.
Joseph is severely wounded.
Joseph unwields an uncursed quarterstaff.
Joseph wields a hunting sling.
Joseph shoots a sling bullet of flame.
The sling bullet of flame hits you!
* * * LOW HITPOINT WARNING * * *
The sling bullet of flame burns you.
You die...

.## ##.......... .........#
.# #.............. ........#
## ##.............# #......#
# #........>.....## #......#
# ##...............# #@....#
#................# #.....# #
#...............# #....#
#####..............# #....#
...###.......*..@..# #*...#
...)...............# ##.(..#
####...............###.....#
..#####.........@####*....##
...## ####.).........@#####
....## ####....####..#
.....# ##..## #..# (....#
##.## #...# ....## ##..#
#....#


You could see Joseph.

Vanquished Creatures
  A trapdoor spider zombie (D:7)
  Eustachio (D:6)
  A phantom (D:7)
  Duvessa (D:7)
  2 ice beasts
  A necrophage (D:6)
  A centaur (D:5)
  2 ogres (D:5)
  Dowan (D:7)
  2 crimson imps (D:6)
  2 iguanas
  A jelly (D:4)
  3 hounds
  3 orc priests
  2 giant frog skeletons
  4 orc wizards
  2 worker ants
  8 adders
  3 gnolls (D:5)
  A shadow imp (D:5)
  2 oozes
  4 adder skeletons
  4 worms
  25 orcs
  A ball python (D:1)
  5 giant cockroaches
  2 gnoll zombies (D:5)
  9 goblins
  7 hobgoblins
  15 jackals
  4 bats
  2 giant geckos
  A giant newt (D:2)
  3 kobolds
  4 quokkas
  A quokka skeleton (D:4)
  8 rats
139 creatures vanquished.

Vanquished Creatures (others)
  4 fulminant prisms (D:7)
4 creatures vanquished.

Grand Total: 143 creatures vanquished

Notes
Turn   | Place    | Note
--------------------------------------------------------------
     0 | D:1      | Faustar the Deep Elf Conjurer began the quest for the Orb.
     0 | D:1      | Reached XP level 1. HP: 10/10 MP: 6/6
   255 | D:1      | Reached XP level 2. HP: 15/15 MP: 5/8
   808 | D:2      | Found a blossoming altar of Fedhas.
   920 | D:2      | Reached XP level 3. HP: 19/19 MP: 3/11
   925 | D:2      | Learned a level 2 spell: Searing Ray
  1004 | D:2      | Reached skill level 5 in Spellcasting
  1460 | D:2      | Found a faded altar to an unknown god.
  1804 | D:2      | Reached XP level 4. HP: 24/24 MP: 7/13
  1906 | D:3      | Found a bloodstained altar of Trog.
  1906 | D:3      | Found a shattered altar of Ashenzari.
  1908 | D:3      | Found a shadowy altar of Dithmenos.
  1919 | D:3      | Reached skill level 6 in Spellcasting
  2206 | D:3      | Reached skill level 7 in Spellcasting
  2439 | D:3      | Reached XP level 5. HP: 28/28 MP: 12/16
  2644 | D:4      | Noticed an ice beast
  2648 | D:4      | Killed an ice beast
  2648 | D:4      | Reached skill level 8 in Spellcasting
  2832 | D:4      | Reached XP level 6. HP: 20/32 MP: 11/19
  3105 | D:4      | Reached skill level 9 in Spellcasting
  3395 | D:5      | Entered Level 5 of the Dungeon
  3418 | D:5      | HP: 1/32 [something/puff of flame (12)]
  3868 | D:5      | Found a basalt altar of Yredelemnul.
  3947 | D:5      | Reached skill level 10 in Spellcasting
  4045 | D:5      | Reached XP level 7. HP: 36/36 MP: 17/22
  4060 | D:5      | Found a glowing golden altar of the Shining One.
  4226 | D:5      | Reached skill level 11 in Spellcasting
  4374 | D:5      | Found an ancient bone altar of Kikubaaqudgha.
  4376 | D:5      | Found a blossoming altar of Fedhas.
  4802 | D:6      | Learned a level 5 spell: Iskenderun's Battlesphere
  4807 | D:6      | Learned a level 4 spell: Fulminant Prism
  4890 | D:6      | Noticed Eustachio
  4896 | D:6      | Reached skill level 5 in Conjurations
  4929 | D:6      | Killed Eustachio
  4934 | D:6      | Reached XP level 8. HP: 31/41 MP: 11/25
  5479 | D:6      | Found a staircase to the Ecumenical Temple.
  5513 | D:6      | Got a polished mace
  5514 | D:6      | Identified the +1 mace of Prescription {antimagic, rPois rF+ MR- Int+4} (You found it on level 6 of the Dungeon)
  5556 | Temple   | Entered the Ecumenical Temple
  5727 | Temple   | Became a worshipper of Vehumet
  5870 | D:6      | Found Upairch's Antique Armour Shoppe.
  5873 | D:6      | Bought a pair of runed gloves for 148 gold pieces
  6299 | D:7      | Found a sparkling altar of Nemelex Xobeh.
  6501 | D:7      | Noticed Dowan
  6605 | D:7      | Killed Dowan
  6610 | D:7      | Noticed Joseph
  6636 | D:7      | Noticed Duvessa
  6668 | D:7      | Killed Duvessa
  6668 | D:7      | Reached skill level 5 in Charms
  6936 | D:7      | Shot with a sling bullet of flame by Joseph

Action                   |  1- 3 |  4- 6 |  7- 9 || total
-------------------------+-------+-------+-------++-------
Melee: Unarmed           |     1 |       |       ||     1
       Mace              |       |       |     1 ||     1
 Cast: Magic Dart        |    57 |    81 |    93 ||   231
       Searing Ray       |     5 |    25 |    30 ||    60
       Fulminant Prism   |       |       |     4 ||     4
       Iskenderun's Batt |       |       |     1 ||     1
  Use: Potion            |     1 |       |       ||     1
       Scroll            |       |     3 |     1 ||     4
  Eat: Chunk             |     2 |     6 |    10 ||    18
